 Dungeon Crawl Stone Soup version 0.17-a0-547-g5e20af8 (webtiles) character file.

2342 nubinia the Conjurer (level 9, 41/68 HPs)
             Began as a Pale Draconian Conjurer on Apr 13, 2015.
             Quit the game on level 8 of the Dungeon.
             The game lasted 00:51:02 (10770 turns).

nubinia the Conjurer (Pale Draconian Conjurer)     Turns: 10770, Time: 00:51:02

Health: 41/68      AC: 12    Str: 11      XL:     9   Next: 20%
Magic:  2/16       EV: 13    Int: 19      God:
Gold:   280        SH:  0    Dex: 10 (11) Spells: 4 memorised, 5 levels left

rFire  . . .     SeeInvis .     o - +2 short sword (speed)
rCold  . . .     Clarity  +     (armour unavailable)
rNeg   + . .     SustAb   .     (no shield)
rPois  .         Gourm    .     (helmet restricted)
rElec  .         Spirit   .     (no cloak)
rCorr  +         Warding  +     x - +2 pair of gloves "Kadej" {rCorr}
rMut   .         Stasis   .     a - +1 pair of boots
MR     .....                    l - amulet of warding
Stlth  +++.......               (no ring)
                                (no ring)

@: very slightly contaminated, invisible, not resistant to hostile enchantments,
fairly stealthy
A: breathe steam, unfitting armour, camouflage 1, blurry vision 1, clarity,
deterioration 1, regeneration 1, evolution 1, cold-blooded, AC +7
a: Breathe Steam


You were on level 8 of the Dungeon.
You were very hungry.

You visited 1 branch of the dungeon, and saw 8 of its levels.
You also visited: Ossuary.

You collected 280 gold pieces.

Inventory:

Hand weapons
 g - a +0 club
 o - a +2 short sword of speed (weapon)
 s - a cursed +1 dagger of pain
Armour
 a - a +1 pair of boots (worn)
 x - the +2 pair of gloves "Kadej" (worn) {rCorr}
   (You acquired it in an ossuary)

   It protects you from acid and corrosion.
 D - a +0 pair of gloves
Jewellery
 l - an amulet of warding (around neck)
 v - a cursed amulet of regeneration {unknown}
 w - an uncursed ring of magical power {unknown}
Magical devices
 i - a wand of frost (8)
 p - a wand of digging (10)
 A - a wand of invisibility (3)
Scrolls
 e - 5 scrolls of enchant weapon
 j - a scroll of amnesia
 r - 5 scrolls of identify
 y - a scroll of enchant armour
 z - a scroll of immolation
Potions
 f - 2 potions of curing
 h - a potion of restore abilities
 k - 4 potions of brilliance
 m - 2 potions of haste
 n - 4 potions of agility
 q - a potion of cancellation
 t - 2 potions of poison
 u - a potion of heal wounds
 C - a potion of degeneration
Books
 c - a book of Conjurations

   Spells                             Type                      Level
   a - Magic Dart                     Conjuration                  1
   b - Searing Ray                    Conjuration                  2
   c - Dazzling Spray                 Conjuration/Hexes            3
   d - Fulminant Prism                Conjuration/Hexes            4
   e - Iskenderun's Mystic Blast      Conjuration                  4
   f - Iskenderun's Battlesphere      Conjuration/Charms           5
Comestibles
 b - 4 bread rations
 F - a chunk of flesh
 G - a beef jerky


   Skills:
 + Level 2.8 Fighting
 + Level 2.3 Short Blades
 + Level 0.2 Maces & Flails
 + Level 5.2 Dodging
 + Level 4.3 Stealth
 + Level 0.2 Unarmed Combat
 + Level 5.0 Spellcasting
 * Level 7.5 Conjurations
 + Level 2.4 Hexes
 * Level 2.8 Charms
 + Level 0.7 Evocations


You had 5 spell levels left.
You knew the following spells:

 Your Spells              Type           Power        Failure   Level  Hunger
a - Magic Dart            Conj           ####         1%          1    None
b - Dazzling Spray        Conj/Hex       ###.....     6%          3    ##.....
c - Iskenderun's Mystic   Conj           ####....     8%          4    ####...
d - Iskenderun's Battles  Conj/Chrm      ###.....     50%         5    ######.


Dungeon Overview and Level Annotations

Branches:
Dungeon (8/15)
 Temple: D:4-7         Lair: D:8-11

Altars:
Ashenzari
Makhleb
Nemelex Xobeh
Okawaru
Zin

Annotations:
D:6 Edmund
D:8 exclusion: troll, Erolcha


Innate Abilities, Weirdness & Mutations

You can breathe blasts of scalding, opaque steam.
Your pale cyan-grey scales are hard (AC +7).
Your body does not fit into most forms of armour.
You are cold-blooded and may be slowed by cold attacks.
Your skin changes colour to match your surroundings (Stealth).
Scrolls take you a little longer to read.
You possess an exceptional clarity of mind.
Your body is slowly deteriorating.
Your natural rate of healing is unusually fast.
You evolve.


Message History

You puncture the ice beast!
The ice beast is moderately wounded.
The ice beast dissolves into shadows!
Erolcha is engulfed in a cloud of scalding steam.
Evoke which item? (* to show all) (? for menu, Esc to quit)
Zapping:
i - a wand of frost {zapped: 9} (will waste charges)
Press: ? - help, Shift-Dir - straight line, f/p - Erolcha
Aim: Erolcha, wielding a giant spiked club and wearing a robe (severely wounded, fast, blind, hasn't noticed you)
The puff of frost hits Erolcha.
Erolcha is almost dead.
Evoking this partially-identified wand wasted a few charges.
Something hits you.
Drink which item? (? for menu, Esc to quit)
Okay, then.
Drink which item? (? for menu, Esc to quit)
You feel extremely strange.
Your skin functions as natural camouflage.
You feel yourself wasting away.
Your vision blurs.
Something hits you.
Are you sure you want to abandon this character and quit the game? (Confirm with "yes".)

#.....## .. ##
#......####.##...
##........#..#....
#..............y..
#............(.Y..
###S................
#.............ay....
##..............O...
#..@..#...##.....S..
####....O####.......
##...## #.......
##.## ##...... #.#
##..... ### #.#...
###### #


You could see Erolcha (blind) and an adder (wandering).

Vanquished Creatures
  Sigmund (D:5)
  Eustachio (D:6)
  3 centaurs
  2 necrophages (D:5)
  A phantom (D:7)
  4 ogres
  2 elf zombies (Ossuary)
  3 giant frogs
  A scorpion (D:7)
  3 jellies
  A wight (D:6)
  A hound (D:6)
  3 crimson imps
  A quasit (D:6)
  Jessica (D:3)
  An iguana (D:7)
  2 orc wizards (D:4)
  A worker ant (D:4)
  2 big kobold zombies (Ossuary)
  A hound skeleton (D:7)
  2 mummies (Ossuary)
  12 adders
  4 gnolls (D:5)
  8 river rats (D:5)
  2 worms
  4 adder zombies
  2 adder skeletons (D:5)
  5 giant geckos
  8 orcs
  A ball python (D:3)
  8 bats
  3 bat skeletons
  A bat zombie (D:5)
  6 giant cockroaches
  12 goblins
  12 hobgoblins
  2 jackals (D:3)
  2 quokkas
  3 giant newts
  2 goblin zombies (Ossuary)
  12 hobgoblin zombies (Ossuary)
  14 kobolds
  6 kobold zombies (Ossuary)
  9 orc zombies (Ossuary)
  A quokka skeleton (D:4)
  26 rats
  A rat zombie (Ossuary)
203 creatures vanquished.

Notes
Turn   | Place    | Note
--------------------------------------------------------------
     0 | D:1      | nubinia, the Draconian Conjurer, began the quest for the Orb.
     0 | D:1      | Reached XP level 1. HP: 14/14 MP: 3/3
   219 | D:1      | Reached XP level 2. HP: 20/20 MP: 0/5
  1426 | D:2      | Reached XP level 3. HP: 26/26 MP: 1/6
  1438 | D:2      | Learned a level 3 spell: Dazzling Spray
  2706 | D:3      | Reached XP level 4. HP: 34/34 MP: 3/7
  2802 | D:3      | Found an iron altar of Okawaru.
  2804 | D:3      | Noticed Jessica
  3003 | D:3      | Reached skill level 1 in Fighting
  3798 | D:3      | Killed Jessica
  3798 | D:3      | Reached skill level 1 in Hexes
  3886 | D:4      | Noticed an ogre
  4077 | D:4      | Noticed an ogre
  4089 | D:4      | Killed an ogre
  4089 | D:4      | Reached skill level 5 in Conjurations
  4089 | D:4      | Reached XP level 5. HP: 40/40 MP: 2/9
  4193 | D:4      | Gained mutation: You evolve. [potion of beneficial mutation]
  4213 | D:4      | Noticed an ogre
  4220 | D:4      | Killed an ogre
  4220 | D:4      | Reached XP level 6. HP: 47/47 MP: 5/10
  5361 | D:4      | Learned a level 4 spell: Iskenderun's Mystic Blast
  5420 | D:5      | Entered Level 5 of the Dungeon
  5420 | D:5      | Noticed Sigmund
  5765 | D:5      | Found a glowing silver altar of Zin.
  5765 | D:5      | Found a shattered altar of Ashenzari.
  5863 | D:5      | Found a sparkling altar of Nemelex Xobeh.
  6131 | D:5      | Your scales start taking on a pale cyan-grey colour.
  6131 | D:5      | Reached XP level 7. HP: 43/52 MP: 5/12
  6467 | D:5      | Reached skill level 1 in Short Blades
  6728 | D:5      | Killed Sigmund
  6961 | D:5      | Learned a level 5 spell: Iskenderun's Battlesphere
  7051 | D:5      | Reached skill level 6 in Conjurations
  7051 | D:5      | Reached XP level 8. HP: 48/59 MP: 1/14
  7381 | D:6      | Noticed Eustachio
  7428 | D:6      | Killed Eustachio
  7645 | D:6      | Reached skill level 1 in Charms
  7860 | D:6      | Noticed Edmund
  8069 | D:6      | Found a burning altar of Makhleb.
  9170 | D:7      | Found a sand-covered staircase.
  9217 | Ossuary  | Entered an ossuary
  9655 | Ossuary  | Reached skill level 7 in Conjurations
  9988 | Ossuary  | Gained mutation: You possess an exceptional clarity of mind. [potion of mutation]
  9988 | Ossuary  | Gained mutation: Your natural rate of healing is unusually fast. [potion of mutation]
  9989 | Ossuary  | Identified a scroll of acquirement
  9990 | Ossuary  | Got a pair of polished gloves
 10001 | Ossuary  | Identified the +2 pair of gloves "Kadej" {rCorr} (You acquired it in an ossuary)
 10101 | D:7      | Reached skill level 5 in Dodging
 10101 | D:7      | Reached XP level 9. HP: 68/68 MP: 5/16
 10660 | D:8      | Reached skill level 5 in Spellcasting
 10729 | D:8      | Noticed Erolcha
 10752 | D:8      | Paralysed by Erolcha for 3 turns
 10769 | D:8      | Gained mutation: Your skin changes colour to match your surroundings (Stealth). [potion of mutation]
 10769 | D:8      | Gained mutation: Your body is slowly deteriorating. [potion of mutation]
 10769 | D:8      | Gained mutation: Scrolls take you a little longer to read. [potion of mutation]
 10770 | D:8      | Quit the game

Action                   |  1- 3 |  4- 6 |  7- 9 || total
-------------------------+-------+-------+-------++-------
Melee: Club              |    43 |       |       ||    43
       Unarmed           |     1 |       |       ||     1
       Dagger            |       |    18 |       ||    18
       Short sword       |       |    32 |   186 ||   218
 Cast: Magic Dart        |    93 |   125 |   190 ||   408
       Dazzling Spray    |       |     4 |    36 ||    40
       Iskenderun's Myst |       |       |     2 ||     2
 Abil: Breathe Steam     |       |       |    27 ||    27
Evoke: Wand              |       |       |     5 ||     5
  Use: Scroll            |    10 |     7 |     5 ||    22
       Potion            |       |     2 |     6 ||     8
 Stab: Sleeping          |     1 |       |     6 ||     7
       Invisible         |       |     5 |     8 ||    13
  Eat: Chunk             |     7 |    10 |    11 ||    28
       Pizza             |       |     1 |       ||     1
       Bread ration      |       |       |     2 ||     2
